 Dungeon Crawl Stone Soup version 0.17.1-3-g152610e (webtiles) character file.

105 juanjsm the Sneak (level 4, -16/21 HPs)
             Began as a Spriggan Enchanter on Mar 15, 2016.
             Killed from afar by Ijyb (23 damage)
             ... with a wand of cold
             ... on level 3 of the Dungeon.
             The game lasted 00:16:54 (2226 turns).

juanjsm the Sneak (Spriggan Enchanter)              Turns: 2226, Time: 00:16:54

Health: -16/21     AC:  4    Str:  5    XL:     4   Next: 54%
Magic:  9/9        EV: 19    Int: 16    God:
Gold:   173        SH:  0    Dex: 16    Spells: 3 memorised, 3 levels left

rFire  . . .     SeeInvis +     k - -1 dagger (curse)
rCold  . . .     Clarity  .     b - +1 robe
rNeg   . . .     SustAt   .     (shield restricted)
rPois  .         Gourm    .     (helmet restricted)
rElec  .         Spirit   .     f - +0 cloak
rCorr  .         Warding  .     (gloves unavailable)
rMut   .         Stasis   .     (boots unavailable)
MR     +....                    (no amulet)
Stlth  ++++......               (no ring)
                                r - ring of protection from magic

@: very quick, somewhat resistant to hostile enchantments, stealthy
A: unfitting armour, see invisible, herbivore 3, speed 3, slow metabolism 2
a: no special abilities


You were on level 3 of the Dungeon.
You were not hungry.

You visited 1 branch of the dungeon, and saw 3 of its levels.

You collected 173 gold pieces.

Inventory:

Hand Weapons
 a - a +1 dagger
 g - a +0 dagger of venom
 k - a cursed -1 dagger (weapon)
Armour
 b - a +1 robe (worn)
 f - a +0 cloak (worn)
Jewellery
 h - an uncursed amulet of faith
 r - a ring of protection from magic (left hand)
Scrolls
 e - a scroll of immolation {unknown}
 l - 2 scrolls of teleportation
 m - a scroll of enchant armour {unknown}
 p - 2 scrolls of magic mapping
 q - a scroll of fog {unknown}
 s - 2 scrolls of remove curse {unknown}
Potions
 i - a potion of degeneration {unknown}
 j - a potion of resistance
 n - a potion of heal wounds
 o - a potion of cure mutation
 t - a potion of haste
Books
 c - a book of Maledictions

   Spells                             Type                      Level
   a - Corona                         Hexes                        1
   b - Ensorcelled Hibernation        Hexes/Ice                    2
   c - Confuse                        Hexes                        3
   d - Tukima's Dance                 Hexes                        3
   e - Dazzling Spray                 Conjuration/Hexes            3
Comestibles
 d - 3 bread rations


   Skills:
 * Level 0.7 Fighting
 * Level 1.3 Short Blades
 * Level 4.0 Dodging
 * Level 6.2 Stealth
 * Level 3.0 Spellcasting
 + Level 4.2 Hexes
 + Level 0.4 Ice Magic


You had 3 spell levels left.
You knew the following spells:

 Your Spells              Type           Power        Failure   Level  Hunger
a - Corona                Hex            ###....      3%          1    #......
b - Ensorcelled Hibernat  Hex/Ice        #.....       12%         2    ##.....
c - Confuse               Hex            ###.....     12%         3    ###....


Dungeon Overview and Level Annotations

Branches:
Dungeon (3/15)

Altars:
Yredelemnul

Annotations:
D:3 Ijyb; kaze's ghost, amateur GrFi


Innate Abilities, Weirdness & Mutations

You are tiny and cannot use many weapons and most armour.
You have supernaturally acute eyesight.
You are a herbivore.
You cover ground extremely quickly.
You need consume almost no food.


Message History

Ijyb the Twisted Goblin comes into view.
He is wielding a club.
You now have 173 gold pieces (gained 15).
The helpless Ijyb fails to defend himself.
You impale Ijyb!!
Ijyb is almost dead.
Ijyb misses you.
You barely miss Ijyb.
Ijyb is almost dead.
Ijyb zaps a wand.
The bolt of cold hits you!
Ouch! That really hurt!
It is a wand of cold.
You hit Ijyb but do no damage.
Ijyb is almost dead.
Ijyb screams, "Me very upset!"
Ijyb misses you.
You hit Ijyb.
Ijyb is almost dead.
Ijyb zaps a wand.
The bolt of cold hits you!
Ouch! That really hurt!
You die...

#.# ######## #.#### ###.......
#####....## #.....#.†.
..........###.# ### #.....#.##
###............ ..# #.......#
##......###.# #.# ##....)###
##....## ###.###.##.....####
#.#### #.#.g.....####....... #.#
#...@.....# #.###### ##'##
###.#.###.# #.# ##...##
#.#...#.# #.###### ##.....##
###.###.#.# #.##...# #.......##
#.........# #....#.#
#........###....##.#.######....#
#[.......'....>.................
#........###....##.#.######...##
#.......## #.#.....#.# #####..##


You could see Ijyb.

Vanquished Creatures
  4 adders
  2 oozes
  2 giant geckos (D:2)
  5 orcs (D:3)
  4 ball pythons
  3 giant cockroaches
  A hobgoblin (D:2)
  6 bats
  3 giant newts (D:1)
  8 goblins
  14 kobolds
  6 rats
58 creatures vanquished.

Notes
Turn   | Place    | Note
--------------------------------------------------------------
     0 | D:1      | juanjsm the Spriggan Enchanter began the quest for the Orb.
     0 | D:1      | Reached XP level 1. HP: 9/9 MP: 5/5
   320 | D:1      | Reached XP level 2. HP: 12/14 MP: 6/6
   374 | D:1      | Learned a level 2 spell: Ensorcelled Hibernation
   715 | D:2      | Reached skill level 5 in Stealth
   763 | D:2      | Reached XP level 3. HP: 14/17 MP: 8/8
   957 | D:2      | Found a basalt altar of Yredelemnul.
  1702 | D:3      | Learned a level 3 spell: Confuse
  1755 | D:3      | Reached XP level 4. HP: 21/21 MP: 9/9
  1770 | D:3      | Reached skill level 6 in Stealth
  1995 | D:3      | Noticed kaze's ghost (amateur GrFi)
  2208 | D:3      | Noticed Ijyb
  2226 | D:3      | Killed from afar by Ijyb

Action                   |  1- 3 |  4- 6 || total
-------------------------+-------+-------++-------
Melee: Dagger            |    75 |    30 ||   105
 Cast: Corona            |     6 |       ||     6
       Ensorcelled Hiber |    16 |    13 ||    29
  Use: Scroll            |     4 |     2 ||     6
 Stab: Sleeping          |    31 |    12 ||    43
  Eat: Pizza             |       |     1 ||     1
